 Dungeon Crawl Stone Soup version 0.14-a0-3563-g07d0f32 (webtiles) character file.

460 DaftWullie the Cutter (level 6, 0/39 HPs)
             Began as a Kobold Berserker on Mar 28, 2014.
             Was a Believer of Trog.
             Slain by Sigmund
             ... wielding a +0,+0 scythe
              (4 damage)
             ... on Level 3 of the Dungeon.
             The game lasted 00:14:20 (2004 turns).

DaftWullie the Cutter (Kobold Berserker)            Turns: 2004, Time: 00:14:20

HP   0/39        AC  5     Str 16      XL: 6   Next: 55%
MP   6/6         EV 15     Int  6      God: Trog [**....]
Gold 175         SH  0     Dex 16      Spells:  0 memorised,  5 levels left

rFire  . . .     SeeInvis .     n - +1,+4 short sword
rCold  . . .     Clarity  .     h - +0 leather armour
rNeg   . . .     Conserve .     (no shield)
rPois  .         rCorr    .     (no helmet)
rElec  .         rRot     .     (no cloak)
SustAb . .       Spirit   .     w - +1 pair of gloves
rMut   .         Warding  .     (no boots)
Saprov + + .     Stasis   .     (no amulet)
MR     ++...                    (no ring)
                                q - ring of invisibility

@: regenerating, exhausted, slowed, very slow, very resistant to hostile
enchantments, unstealthy
A: disease resistance, carnivore 3, saprovore 2
a: Burn Spellbooks, Berserk, Trog's Hand, Renounce Religion, Evoke Invisibility


You were on level 3 of the Dungeon.
You worshipped Trog.
Trog was pleased with you.
You were very full.

You visited 1 branch of the dungeon, and saw 4 of its levels.

You collected 175 gold pieces.

Inventory:

Hand weapons
 a - a +0,+0 short sword
 n - a +1,+4 short sword (weapon)
Missiles
 e - 29 poisoned needles
 l - a dart of flame (quivered)
 m - 45 darts
 s - 4 needles of confusion
Armour
 b - a +0 animal skin
 h - a +0 leather armour (worn)
 r - a +0 leather armour
 w - a +1 pair of gloves (worn)
Magical devices
 u - a wand of cold (10) {unknown}
Comestibles
 c - 2 meat rations
 x - 3 rotting chunks of orc flesh
Scrolls
 f - 4 scrolls of remove curse {unknown}
 i - 4 scrolls of identify {unknown}
 j - a scroll of recharging {unknown}
 p - 5 scrolls of magic mapping {unknown}
 t - a scroll of teleportation {unknown}
 v - a scroll of blinking {unknown}
Jewellery
 q - a ring of invisibility (left hand)
Potions
 d - a potion of mutation {unknown}
 g - 2 potions of brilliance {unknown}
 k - 4 potions of curing {unknown}
 o - a potion of restore abilities {unknown}


   Skills:
 + Level 4.5 Fighting
 * Level 7.0 Short Blades
 - Level 1.5 Armour
 + Level 4.3 Dodging
 + Level 1.1 Stealth


You had 5 spell levels left.
You didn't know any spells.

Dungeon Overview and Level Annotations

Branches:
Dungeon (4/15)
 Temple: D:4-7

Altars:

Annotations:
D:3 Sigmund


Innate Abilities, Weirdness & Mutations

You recuperate from illness quickly.
You are small and have problems with some larger weapons.
You are carnivorous and can eat meat at any time.
You can eat rotten meat.


Message History

* * * LOW HITPOINT WARNING * * *
You slash the orc wizard!
You kill the orc wizard!
Trog accepts your kill.
Trog appreciates your killing of a magic user.
Your Short Blades skill increases to level 7!
The bat barely misses you. The quokka misses you. The bat closely misses you.
Something hits you!
* * * LOW HITPOINT WARNING * * *
The quokka bites you but does no damage.
The bat hits you.
* * * LOW HITPOINT WARNING * * *
Something hits you but does no damage.
You feel the effects of Trog's Hand fading.
The bat misses you. The quokka closely misses you.
There is a stone staircase leading down here.
The bat hits you but does no damage. x2
The quokka closely misses you. x2
Something hits you.
You die...

..###.# ......# ......#
......# ......##########
...[.)%.........
.....###########
.....#################
................@r...#
.....########........####.#
.....# #..b..........#
###### #......).###### #
########## # # #


You could see a quokka and a bat.

Vanquished Creatures
  The ghost of Egon the Ducker, an average FeTm (D:3)
  A crimson imp (D:4)
  An orc priest (D:3)
  2 orc wizards
  Jessica (D:3)
  2 adders
  A giant mite (D:3)
  A worm (D:4)
  3 oozes
  7 orcs
  5 hobgoblins
  3 bats
  2 giant cockroaches
  3 giant newts
  4 goblins
  7 kobolds
  A quokka (D:3)
  2 rats
47 creatures vanquished.

Notes
Turn   | Place    | Note
--------------------------------------------------------------
     0 | D:1      | DaftWullie, the Kobold Berserker, began the quest for the Orb.
     0 | D:1      | Reached XP level 1. HP: 14/14 MP: 1/1
    66 | D:2      | Reached XP level 2. HP: 12/19 MP: 2/2
   432 | D:1      | Reached XP level 3. HP: 19/24 MP: 3/3
   913 | D:2      | Reached skill level 5 in Short Blades
  1075 | D:3      | Noticed Egon's ghost (average FeTm)
  1078 | D:3      | Killed Egon's ghost
  1078 | D:3      | Reached XP level 4. HP: 29/29 MP: 4/4
  1078 | D:3      | Reached XP level 5. HP: 33/33 MP: 5/5
  1086 | D:3      | Acquired Trog's second power
  1213 | D:4      | Noticed a phantom
  1235 | D:4      | Reached skill level 6 in Short Blades
  1338 | D:4      | Reached XP level 6. HP: 18/39 MP: 6/6
  1706 | D:3      | Noticed Jessica
  1712 | D:3      | Killed Jessica
  1779 | D:3      | Reached skill level 1 in Stealth
  1985 | D:3      | Noticed Sigmund
  2001 | D:3      | Reached skill level 7 in Short Blades
  2001 | D:3      | HP: 1/39 [something (11)]
  2004 | D:3      | Slain by Sigmund

Action                   |  1- 3 |  4- 6 || total
-------------------------+-------+-------++-------
Melee: Short sword       |    68 |    71 ||   139
Throw: Dart              |       |     5 ||     5
Invok: Berserk           |     2 |     4 ||     6
       Trog's Hand       |       |     1 ||     1
 Stab: Sleeping          |     1 |     1 ||     2
